 Dungeon Crawl Stone Soup version 0.30-a0-142-g7370640ec8 (webtiles) character file.

Game seed: 17596584855417368114

54 qw the Chopper (level 3, -1/23 HPs)
             Began as a Gargoyle Fighter on Sept 26, 2022.
             Slain by Grinder (2 damage)
             ... on level 3 of the Dungeon.
             The game lasted 00:00:43 (2192 turns).

qw the Chopper (Gargoyle Fighter)                   Turns: 2192, Time: 00:00:43

Health: -1/23      AC: 10    Str: 21    XL:     3   Next: 91%
Magic:  3/3        EV:  9    Int:  8    God:
Gold:   117        SH:  4    Dex:  9    Spells: 2/2 levels left

rFire   . . .      SeeInvis .    Y - +0 war axe
rCold   . . .      Faith    .    c - +0 buckler
rNeg    + . .      Spirit   .    b - +0 scale mail
rPois   inf        Reflect  .    (no helmet)
rElec   +          Harm     .    (no cloak)
rCorr   .          Rampage  .    (no gloves)
Will    .....                    (no boots)
Stlth   ..........               (no amulet)
HPRegen 0.07/turn                (no ring)
MPRegen 0.08/turn                (no ring)

@: no status effects
A: sickness immunity, AC +3, negative energy resistance 1, electricity
resistance, torment resistance 1, petrification resistance
a: no special abilities


You were on level 3 of the Dungeon.
You visited 1 branch of the dungeon, and saw 3 of its levels.

You collected 117 gold pieces.


Innate Abilities, Weirdness & Mutations

You are immune to sickness and miasma.
Your stone body is resilient. (AC +3)
You are immune to poison.
You resist negative energy. (rN+)
You are resistant to electric shocks. (rElec)
You are resistant to unholy torment.
You are immune to petrification.


   Skills:
 - Level 3.2 Fighting
 + Level 3.7 Axes
 - Level 3.2 Armour
 - Level 3.2 Shields


You had 2 spell levels left.
You didn't know any spells.
Your spell library was empty.

Inventory:

Hand Weapons
 e - a +0 mace
 Y - a +0 war axe (weapon)
Armour
 b - a +0 scale mail (worn)
 c - a +0 buckler (worn)
Jewellery
 j - a ring of fire
Potions
 a - a potion of lignification {unknown}
 d - a potion of might
 f - a potion of curing {unknown}
 g - a potion of flight {unknown}

Dungeon Overview and Level Annotations

Branches:
Dungeon (3/15)

Altars:

Annotations:
D:3 Grinder


Message History

Grinder shouts!
Grinder gestures at you. You resist with significant effort.
There is an open door here.
Grinder gestures at you. You resist with significant effort.
You hit Grinder.
Grinder is lightly wounded.
Grinder hits you but does no damage.
You hit Grinder.
Grinder is lightly wounded.
Grinder blinks!
You hit Grinder.
Grinder is moderately wounded.
Grinder hits you but does no damage.
Grinder blinks!
Grinder blinks!
Grinder gestures at you.
You barely resist. Grinder hits you!
You writhe in agony.
You closely miss Grinder.
Grinder is moderately wounded.
You block Grinder's attack.
You slash Grinder!
Grinder is heavily wounded.
Grinder hits you.
You writhe in agony.
You slash Grinder!
Grinder is severely wounded.
Grinder gestures at you.
You are unaffected.
Grinder barely misses you.
You hit Grinder.
Grinder is almost dead.
Grinder gestures at you.
You suddenly lose the ability to move!
Grinder says, "Wait up."
Grinder hits you.
You writhe in agony.
You can move again.
You barely miss Grinder.
Grinder is almost dead.
Grinder hits you.
You die...

#. #.# .. #.# ..
#.### ##.5.###
#..@...# #......#
#......##
#.......####
#####'#.....
#####.....#.#.##
#...#.#####.#.#
#....[#...?...#
#....##.###.######


You could see Grinder.

Vanquished Creatures
  A worm (D:2)
  2 dart slugs (D:1)
  3 endoplasms
  4 giant cockroaches
  3 goblins
  2 hobgoblins
  7 jackals
  3 kobolds
  A quokka (D:1)
  3 ball pythons
  3 bats
  6 frilled lizards
  6 rats (D:1)
44 creatures vanquished.

Notes
Turn   | Place    | Note
-------+----------+-------------------------------------------
     0 | D:1      | qw the Gargoyle Fighter began the quest for the Orb.
     0 | D:1      | Reached XP level 1. HP: 14/14 MP: 1/1
     0 | D:1      | 0 ||| qw: Version: 0.2-a-10-g399e6c4
     0 | D:1      | 0 ||| qw: Game counter: 477
     0 | D:1      | 0 ||| qw: Always use a shield: true
     0 | D:1      | 0 ||| qw: God list: Okawaru
     0 | D:1      | 0 ||| qw: Allow faded altars: false
     0 | D:1      | 0 ||| qw: Do Orc after D:15 true
     0 | D:1      | 0 ||| qw: Do second Lair branch before Depths: true
     0 | D:1      | 0 ||| qw: Lair rune preference: random
     0 | D:1      | 0 ||| qw: Plans: Normal, Zot:1-4, God:TSO, Crypt, Tomb,
                  | Pan, Slime:5, Hells, Abyss, Orb
     0 | D:1      | 0 ||| PLANNING D:1-11
   266 | D:1      | Reached XP level 2. HP: 19/19 MP: 2/2
   483 | D:1      | Reached skill level 3 in Axes
   624 | D:1      | Reached XP level 3. HP: 17/23 MP: 3/3
  1142 | D:1      | 1142 ||| DROPPING +6 ring of intelligence.
  1143 | D:1      | 1143 ||| READING scroll labelled BENESA RILUMO.
  1144 | D:1      | 1144 ||| READING scroll labelled UWOETHR LIXT.
  1145 | D:1      | 1145 ||| READING scroll labelled VUTIMN ESEA.
  1213 | D:2      | 1213 ||| Stepping ~*~*~tactically~*~*~ (stealth).
  1783 | D:2      | Found a faded altar of an unknown god.
  2103 | D:2      | 2103 ||| READING scroll labelled TERIF PEKLUTUK.
  2178 | D:3      | Noticed Grinder
  2190 | D:3      | Paralysed by Grinder for 2 turns
  2191 | D:3      | HP: 3/23 [Grinder (4)]
  2191 | D:3      | HP: 1/23 [Grinder (2)]
  2192 | D:3      | Slain by Grinder

Levels and vault maps discovered:
D:1:      dpeg_arrival_round_c, layout_basic
D:2:      layout_loops_corners, basic_ecumenical_altar, dk_vineyard_3
D:3:      layout_basic, dreamdust_princess_corridor, uniq_pargi, uniq_grinder

Skill      XL: |  1  2 |
---------------+-------+-----
Axes           | 2 3 |  3.7
Fighting       | |  3.2
Armour         | |  3.2
Shields        | |  3.2

Action                   || total
-------------------------++-------
Melee: War axe           ||   142
  Use: Scroll            ||     4
Armor: Scale mail        ||    71
Dodge: Dodged            ||    66
Block: Buckler           ||    25

Table legend:
 A = Non-vault XP
 B = Vault XP
 C = Vault XP percentage of total XP
 D = Non-vault monster count
 E = Vault monster count
 F = Vault count percentage of total count
                 A         B        C        D         E       F
            +---------+---------+-------+---------+---------+-------
      Total |      78 |       0 |   0.0 |      44 |       0 |   0.0
            +---------+---------+-------+---------+---------+-------
        D:1 |      49 |       0 |   0.0 |      28 |       0 |   0.0
        D:2 |      29 |       0 |   0.0 |      16 |       0 |   0.0
            +---------+---------+-------+---------+---------+-------
